 Dungeon Crawl Stone Soup version 0.31-a0-236-g9a0961fb85 (webtiles) character file.

Game seed: 932814364877955811

1437 Shard1697 the Cleaver (level 9, -5/117 HPs)
             Began as a Meteoran Berserker on July 10, 2023.
             Was a Priest of Trog.
             Slain by a gnoll
             ... wielding a +0 spear
             ... led by a gnoll sergeant
              (8 damage)
             ... on level 7 of the Dungeon.
             The game lasted 00:11:01 (2534 turns).

Shard1697 the Cleaver (Meteoran Berserker)          Turns: 2534, Time: 00:11:01

Health: -5/117     AC:  9    Str: 21    XL:     9   Next: 24%
Magic:  9/9        EV:  7    Int:  7    God:    Trog [***...]
Gold:   272        SH: 10    Dex: 14    Spells: 8/8 levels left

rFire   . . .        a - +0 war axe
rCold   . . .        o - +0 kite shield
rNeg    . . .        A - +0 chain mail
rPois   .            (no helmet)
rElec   .            (no cloak)
rCorr   .            (no gloves)
SInv    .            p - +0 pair of boots
Will    +++..        D - amulet of the acrobat Stlth
                     s - ring of willpower
HPRegen 0.39/turn    w - +4 ring of slaying
MPRegen 0.11/turn

%: acrobat
@: mighty, berserking, enlightened, flying, glowing, very quick
A: sense surroundings 2, otherworldly, glowing, explore regen, dopey 1, low MP
1, weak 1, noise suppression
a: Renounce Religion, Berserk, Trog's Hand


You were on level 7 of the Dungeon.
You worshipped Trog.
Trog was most pleased with you.
You visited 1 branch of the dungeon, and saw 7 of its levels.

You collected 272 gold pieces.

Inventory:

Hand Weapons
 a - a +0 war axe (weapon)
 b - the +1 flail of Xom's Reproof {holy, Str+4 Int+2}
   (You found it on level 2 of the Dungeon)

   Str:       It affects your strength (+4).
   Int:       It affects your intelligence (+2).
 r - a +0 hand axe of venom
 E - a +0 battleaxe
Armour
 o - a +0 kite shield (worn)
 p - a +0 pair of boots (worn)
 A - a +0 chain mail (worn)
Jewellery
 s - a ring of willpower (left hand)
 w - a +4 ring of slaying (right hand)
 C - a ring of resist corrosion
 D - an amulet of the acrobat (around neck)
Wands
 j - a wand of flame (26)
 v - a wand of digging (8)
Scrolls
 f - a scroll of identify {unknown}
 h - 2 scrolls of poison {unknown}
 k - 3 scrolls of teleportation {unknown}
 l - 4 scrolls of silence {unknown}
 m - a scroll of summoning {unknown}
 q - 2 scrolls of enchant armour {unknown}
 t - 2 scrolls of revelation {unknown}
 x - a scroll of acquirement {unknown}
 y - a scroll of vulnerability {unknown}
 z - a scroll of torment {unknown}
 B - a scroll of enchant weapon {unknown}
Potions
 c - a potion of brilliance
 d - a potion of might
 e - a potion of mutation
 g - a potion of invisibility {unknown}
 i - a potion of enlightenment
 n - 3 potions of lignification
 u - a potion of attraction {unknown}


   Skills:
 + Level 6.4 Fighting
 * Level 9.9 Axes
 - Level 2.4 Armour
 - Level 2.4 Dodging
 + Level 5.8 Shields


You had 8 spell levels left.
You didn't know any spells.
Your spell library was empty.

Dungeon Overview and Level Annotations

Branches:
Dungeon (6/15) Zot: 1590   Temple (0/1) D:4

Altars:
Cheibriados
Fedhas
Yredelemnul
Zin

Annotations:
D:5 3 runed translucent doors, bmack86's ghost, novice MiFi


Innate Abilities, Weirdness & Mutations

You passively map the area around you.
You are easily found by Zot.
You glow in the dark.
You regain HP and MP as you explore.
You are dopey. (Int -2)
Your magical capacity is low. (-10% MP)
You are weak. (Str -2)
You passively dampen the noise of your surroundings.


Message History

You hit the gnoll sergeant.
The gnoll sergeant hits you but does no damage.
You block the ice beast's attack. You block the gnoll's attack.
The gnoll barely misses you. The gnoll hits you but does no damage.
You slash the gnoll!
The gnoll is almost dead.
You slash the gnoll! You slash the ice beast!
You kill the ice beast!
Trog accepts your kill.
You barely miss the gnoll sergeant. You barely miss the gnoll.
The gnoll is almost dead.
You slash the gnoll sergeant! You closely miss the gnoll.
The gnoll hits you from afar with a +0 spear.
* * * LOW HITPOINT WARNING * * *
You block the gnoll's attack.
The gnoll sergeant hits you with a +3 spear of pain.
* * * LOW HITPOINT WARNING * * *
You writhe in agony.
* * * LOW HITPOINT WARNING * * *
You slash the gnoll sergeant!
You kill the gnoll sergeant!
Trog accepts your kill.
You closely miss the gnoll. You slash the gnoll!
You kill the gnoll!
Trog accepts your kill. The gnoll hits you with a +0 whip.
* * * LOW HITPOINT WARNING * * *
You block the gnoll's attack.
You slice the gnoll!!
You kill the gnoll!
Trog accepts your kill.
You barely miss the gnoll. The gnoll hits you with a +0 club.
* * * LOW HITPOINT WARNING * * *
You block the gnoll's attack.
You hit the gnoll.
The gnoll is moderately wounded.
You block the gnoll's attack.
The gnoll hits you from afar with a +0 spear!
You die...

,, #....## #..# * , ,
#..*##.#..# ##.##*
#...#.....## #...##... ,
* ,
*#..#......###.........
,* ,
#..............##.##.# *
, #..............###* ,
###..............####**
,,,
#...............)...#...,
,,
#.............##@)......
, ,
...........#####g)...#..
, .........###* ,g..#.##
, #..##...## , ...=### ,
#. #..... ...... ,, , .
....... ##......* , ,
.......,, *#......,, , ,
, ......... ,........ ,,
, , , , ,, ,


You could see 2 gnolls.

Vanquished Creatures
  A water moccasin (D:6)
  2 ice beasts (D:7)
  3 ogres
  2 phantoms
  A kobold brigand (D:6)
  A gnoll sergeant (D:7)
  An orc priest (D:4)
  2 bullfrog zombies (D:5)
  5 hounds
  A jelly (D:7)
  Ijyb (D:3)
  An orc wizard (D:5)
  10 gnolls
  9 adders
  2 white imps
  2 dart slugs
  16 orcs
  4 ball pythons
  3 endoplasms
  2 giant cockroaches
  4 goblins
  8 hobgoblins
  3 jackals (D:5)
  5 quokkas
  11 bats
  A frilled lizard (D:3)
  10 kobolds
  4 rats
115 creatures vanquished.

Notes
Turn   | Place    | Note
-------+----------+-------------------------------------------
     0 | D:1      | Shard1697 the Meteoran Berserker began the quest for the
                  | Orb.
     0 | D:1      | Reached XP level 1. HP: 19/19 MP: 2/2
   216 | D:1      | Reached skill level 4 in Axes
   216 | D:1      | Reached XP level 2. HP: 17/26 MP: 3/3
   534 | D:2      | Identified the +1 flail of Xom's Reproof {holy, Str+4
                  | Int+2}
   607 | D:2      | Found a snail-covered altar of Cheibriados.
   661 | D:2      | Reached XP level 3. HP: 31/31 MP: 4/4
   790 | D:2      | Reached ** piety under Trog
   791 | D:2      | Reached skill level 5 in Axes
   801 | D:2      | Reached skill level 1 in Shields
   817 | D:2      | Reached XP level 4. HP: 36/38 MP: 5/5
   943 | D:3      | Noticed Ijyb
   953 | D:3      | Gained mutation: You are dopey. (Int -2) [potion of
                  | mutation]
   953 | D:3      | Gained mutation: Your magical capacity is low. (-10% MP)
                  | [potion of mutation]
   953 | D:3      | Gained mutation: You are weak. (Str -2) [potion of
                  | mutation]
   953 | D:3      | Gained mutation: You passively dampen the noise of your
                  | surroundings. [potion of mutation]
   973 | D:3      | Killed Ijyb
   974 | D:3      | Reached XP level 5. HP: 28/46 MP: 5/5
  1058 | D:3      | Found a glowing silver altar of Zin.
  1223 | D:4      | Noticed an ogre
  1233 | D:4      | Killed an ogre
  1234 | D:4      | Reached skill level 6 in Axes
  1234 | D:4      | Reached XP level 6. HP: 49/52 MP: 6/6
  1319 | D:4      | Found a blossoming altar of Fedhas.
  1482 | D:4      | Found a staircase to the Ecumenical Temple.
  1514 | D:4      | Reached XP level 7. HP: 58/60 MP: 7/7
  1554 | D:5      | Entered Level 5 of the Dungeon
  1562 | D:5      | Found a runed translucent gate.
  1562 | D:5      | Found a runed translucent gate.
  1562 | D:5      | Found a runed translucent gate.
  1562 | D:5      | Noticed bmack86's ghost (novice MiFi)
  1569 | D:5      | Reached skill level 7 in Axes
  1572 | D:5      | Found a basalt altar of Yredelemnul.
  1729 | D:5      | Reached skill level 5 in Fighting
  1758 | D:5      | Reached XP level 8. HP: 42/68 MP: 8/8
  1795 | D:5      | Reached skill level 8 in Axes
  2302 | D:6      | Reached *** piety under Trog
  2380 | D:6      | Reached skill level 9 in Axes
  2380 | D:6      | Reached skill level 5 in Shields
  2475 | D:6      | You fall into a shaft and drop 1 floor!
  2515 | D:7      | Gained mutation: You passively map the area around you.
                  | [Meteoran growth]
  2515 | D:7      | Reached XP level 9. HP: 14/75 MP: 9/9
  2532 | D:7      | HP: 3/115 [gnoll/+0 whip[a gnoll sergeant] (5)]
  2534 | D:7      | Slain by a gnoll

Illustrated notes

Levels and vault maps discovered:
D:1:      mrwooster_arrival_statue_3, layout_basic, serial_co_window_serial,
          co_window_paths_a, co_window_paths_a, co_window_corner_a,
          co_window_corner_a, co_window_paths_a, co_window_paths_c,
          co_window_corner_b, co_window_of_opportunity_c,
          co_window_of_opportunity_b, co_window_corner_b,
          co_window_of_opportunity_b, co_window_4corner_a, co_window_sun,
          glass_columns_a, hellmonk_ecumenical_altar_arch_garden
D:2:      layout_basic, basic_altar, minivault_23
D:3:      layout_basic, mainiacjoe_overflow_paths, uniq_ijyb
D:4:      layout_rooms, nicolae_overflow_hidden_temple,
          minmay_temple_entry_waves
D:5:      layout_gridville, nicolae_yredelemnul_ghost_church
D:6:      nicolae_BIG_FREAKIN_CUBE, layout_gridville, grunt_ministairs_9,
          eino_small_chamber_without_monster
D:7:      layout_cave_pools, lemuel_doored_altar, uniq_maggie,
          uniq_prince_ribbit1

Skill      XL: |  1  2  3  4  5  6  7  8 |
---------------+-------------------------+-----
Axes           | 4 5 6 7 9 |  9.9
Shields        | 1 2 3 4 5 |  5.8
Fighting       | 4 5 6 |  6.4
Armour         | |  2.4
Dodging        | |  2.4

Action                     |  1- 3 |  4- 6 |  7- 9 || total
---------------------------+-------+-------+-------++-------
  Melee: Hand axe          |    94 |   138 |    70 ||   302
         War axe           |       |       |    65 ||    65
 Invoke: Berserk           |       |     2 |     3 ||     5
    Use: Potion            |       |     5 |     2 ||     7
 Armour: Ring mail         |    47 |    41 |       ||    88
         Animal skin       |     2 |       |       ||     2
         Skin              |       |    10 |       ||    10
         Scale mail        |       |    15 |    21 ||    36
         Chain mail        |       |       |    20 ||    20
  Dodge: Dodged            |    48 |    37 |    41 ||   126
  Block: Kite shield       |    21 |    66 |    58 ||   145

Table legend: (Time is in decaauts)
 A = Elapsed time spent in this place.
 B = Non-inter-level travel time spent in this place.
 C = Inter-level travel time spent in this place.
 D = Time resting spent in this place.
 E = Time spent auto-exploring this place.
 F = Levels seen in this place.
 G = Mean time per level.
                   A        B        C        D        E       F      G
               +--------+--------+--------+--------+--------+-----+--------+
         Total |   2609 |   2397 |    212 |      2 |     14 |   7 |  372.7 |
       Dungeon |   2609 |   2397 |    212 |      2 |     14 |   7 |  372.7 |
               +--------+--------+--------+--------+--------+-----+--------+

Top non-repeatable levels by time:
     D:5: 709 daAuts
     D:2: 458 daAuts
     D:1: 440 daAuts
     D:4: 384 daAuts
     D:3: 354 daAuts
     D:6: 202 daAuts
     D:7: 59 daAuts
